 Dungeon Crawl Stone Soup version 0.13-a0-3073-ga7cf4ae (webtiles) character file.

26 Sachiko the Charmwright (level 1, 0/12 HPs)
             Began as a Gargoyle Skald on Sept 16, 2013.
             Slain by a kobold
             ... wielding a +0,+0 short sword
              (3 damage)
             ... on Level 1 of the Dungeon.
             The game lasted 00:00:38 (90 turns).

Sachiko the Charmwright (Gargoyle Skald)              Turns: 90, Time: 00:00:38

HP   0/12        AC  5     Str 15      XL: 1   Next: 90%
MP   3/3         EV 10     Int 12      God:
Gold 20          SH  0     Dex  9      Spells:  1 memorised,  3 levels left

Res.Fire  : . . .   See Invis. : .   a - +0 mace
Res.Cold  : . . .   Warding    : .   b - +0 leather armour
Life Prot.: + . .   Conserve   : .   (no shield)
Res.Poison: +       Res.Corr.  : .   (no helmet)
Res.Elec. : +       Clarity    : .   (no cloak)
Sust.Abil.: . .     Spirit.Shd : .   (no gloves)
Res.Mut.  : .       Stasis     : .   (no boots)
Res.Rott. : +       Flight     : .   (no amulet)
Saprovore : . . .                    (no ring)
                                     (no ring)

@: not resistant to hostile enchantments, very unstealthy
A: fangs 1, talons 2, life protection 1, electricity resistance, slow metabolism
1, unbreathing, petrification resistance, AC +2
a: no special abilities


You were on level 1 of the Dungeon.
You were not hungry.

You visited 1 branch of the dungeon, and saw 1 of its levels.

Inventory:

Hand weapons
 a - a +0,+0 mace (weapon)
Armour
 b - a +0 leather armour (worn)
Comestibles
 d - a bread ration
Scrolls
 e - a scroll of amnesia {unknown}
Books
 c - a book of Battle

   Spells                             Type                      Level
   *Infusion                          Charms                       1
   Shroud of Golubria                 Charms/Translocation         2
   Song of Slaying                    Charms                       2
   Spectral Weapon                    Hexes/Charms                 3
   Regeneration                       Charms/Necromancy            3
   Song of Shielding                  Charms                       4


   Skills:
 - Level 2.1 Fighting
 + Level 2.5 Maces & Flails
 + Level 1.1 Armour
 - Level 0.7 Dodging
 + Level 2.0 Spellcasting
 + Level 2.9 Charms


You had 3 spell levels left.
You knew the following spells:

 Your Spells              Type           Power        Failure   Level  Hunger
a - Infusion              Chrm           #.....       12%         1    ##.....


Dungeon Overview and Level Annotations

Branches:
Dungeon (1/27)

Altars:


Innate Abilities, Weirdness & Mutations

You are resistant to torment.
You are immune to poison.
Your stone body is very resilient (AC +2).
You have very sharp teeth.
You have razor-sharp toenails.
You resist negative energy.
You are resistant to electric shocks.
You have a slow metabolism.
You can survive without breathing.
You are immune to petrification.


Message History

Your bite misses the kobold. The giant newt barely misses you.
The kobold misses you. The giant newt barely misses you.
Your leather armour prevents you from hitting the kobold.
The kobold barely misses you. The giant newt bites you.
The kobold hits you with a short sword.
You hit the kobold but do no damage. You claw the kobold, but do no damage.
The giant newt bites you but does no damage.
The kobold hits you with a short sword.
You barely miss the kobold. Your kick misses the kobold.
The giant newt bites you. The kobold closely misses you.
You closely miss the kobold. You claw the kobold, but do no damage.
The giant newt closely misses you. The kobold hits you with a short sword.
* * * LOW HITPOINT WARNING * * *
The giant newt barely misses you.
You are too injured to fight recklessly!
You are too injured to fight recklessly!
You closely miss the kobold. You claw the kobold.
The kobold is heavily wounded.
The kobold hits you with a short sword.
You die...

####......♣♣♣♣♣♣...♣♣♣♣♣ ♣♣..♣
............♣♣♣♣♣♣...♣♣♣♣♣.♣
...#.#.#.....♣♣♣♣♣♣♣♣.♣♣♣.♣♣♣♣♣ ♣
####.#.##.....♣♣♣♣♣♣♣♣...♣♣♣♣♣♣♣♣
#.#.###.....♣♣♣ ♣♣♣♣♣♣....♣♣♣♣
#.#.##.....♣♣♣♣♣♣♣♣♣♣♣♣♣♣♣....
#.#..........♣♣♣♣♣ ♣♣♣♣♣♣♣♣P♣
#.#########.....♣♣♣♣ ♣♣♣♣♣♣ #.
#..@K...♣♣ ♣♣♣♣ . #...l.....♣♣
#..###..... ....# .... #.##.# ##.
#. ... # ... #.## #


You could see a kobold and a giant newt.

Vanquished Creatures
  A giant cockroach (D:1)
  2 jackals (D:1)
  2 kobolds (D:1)
5 creatures vanquished.

Notes
Turn   | Place    | Note
--------------------------------------------------------------
     0 | D:1      | Sachiko, the Gargoyle Skald, began the quest for the Orb.
     0 | D:1      | Reached XP level 1. HP: 12/12 MP: 3/3
    90 | D:1      | Slain by a kobold

Action                   || total
-------------------------++-------
Melee: Mace              ||    24
